 Dungeon Crawl Stone Soup version 0.28-a0-984-g3775c662fe (webtiles) character file.

Game seed: 1606775045218377595

42 voltaire321 the Chopper (level 3, -2/28 HPs)
             Began as a Demonspawn Gladiator on Dec 3, 2021.
             Slain by Sigmund (11 damage)
             ... on level 2 of the Dungeon.
             The game lasted 00:03:23 (1170 turns).

voltaire321 the Chopper (Demonspawn Gladiator)      Turns: 1170, Time: 00:03:24

Health: -2/28      AC:  7    Str: 16    XL:     3   Next: 35%
Magic:  3/3        EV: 11    Int:  9    God:
Gold:   15         SH:  0    Dex: 14    Spells: 2/2 levels left

rFire   . . .      SeeInvis .   a - +0 war axe
rCold   . . .      Faith    .   (no shield)
rNeg    . . .      Spirit   .   e - +0 ring mail
rPois   .          Reflect  .   c - +0 helmet
rElec   .          Harm     .   (no cloak)
rCorr   .          Rampage  .   (no gloves)
Will    .....                   i - +0 pair of boots
Stlth   ..........              (no amulet)
HPRegen 0.09/turn               (no ring)
MPRegen 0.08/turn               (no ring)

@: confused
A: condensation shield
a: no special abilities


You were on level 2 of the Dungeon.
You visited 1 branch of the dungeon, and saw 2 of its levels.

You collected 15 gold pieces.

Inventory:

Hand Weapons
 a - a +0 war axe (weapon)
Missiles
 d - 2 throwing nets (quivered)
Armour
 c - a +0 helmet (worn)
 e - a +0 ring mail (worn)
 i - a +0 pair of boots (worn)
Scrolls
 h - a scroll of brand weapon {unknown}
Potions
 b - a potion of heal wounds {unknown}
 f - a potion of haste {unknown}
 g - a potion of resistance {unknown}


   Skills:
 + Level 2.4 Fighting
 + Level 3.0 Axes
 + Level 2.2 Throwing
 + Level 1.1 Armour
 + Level 3.0 Dodging


You had 2 spell levels left.
You didn't know any spells.
Your spell library contained the following spells:

 Spells                   Type           Power      Damage    Failure   Level
 Gell's Gravitas          Tloc           0%         N/A       93%         3
 Lesser Beckoning         Tloc           0%         N/A       93%         3
 Teleport Other           Tloc           0%         N/A       93%         3


Dungeon Overview and Level Annotations

Branches:
Dungeon (2/15)

Altars:

Annotations:
D:2 Sigmund


Innate Abilities, Weirdness & Mutations

A meltable shield of frost defends you. (SH +0)


Message History

The frilled lizard bites you but does no damage.
Sigmund completely misses you.
You miss the frilled lizard. The frilled lizard barely misses you.
The frilled lizard bites you but does no damage.
You're too confused to move!
You feel less confused. Sigmund barely misses you.
The frilled lizard bites you but does no damage.
You miss the frilled lizard.
Sigmund gestures wildly while chanting.
Sigmund flickers and vanishes!
Deactivating autopickup; reactivate with Ctrl-A.
The frilled lizard closely misses you.
You slash the frilled lizard!
You kill the frilled lizard!
Something hits you but does no damage. Something hits you but does no damage.
You see here a frilled lizard corpse.
You barely miss something.
You hear some strange, mumbled words.
You are confused.
You closely miss something.
You hear some strange, mumbled words.
A magic dart appears from out of thin air!
The magic dart hits you!
You're too confused to move!
You hear some strange, mumbled words.
A puff of flame appears from out of thin air!
The puff of flame hits you.
Your condensation shield dissipates!
You miss something.
You hear some strange, mumbled words.
You are more confused.
Something completely misses you.
You bump into the rock wall.
Something hits you.
You bump into the rock wall.
A magic dart appears from out of thin air!
The magic dart hits you.
You're too confused to move!
Something hits you!
You die...

.. #.#####.#.# #.
#.......... #.
##########.# # #. .... #.#
.#..##.###..... #.#
.......J....... #.# #{#
#.# #.# #.# #@# ##.# #
####.### #..# #>#......#
#.## #.#.##.#.# #.#
#......#.# #.# #.#.####.#
#.# #........# #######.#
.....##......#####.......#
....< ######.......#######


You could see an endoplasm.

Vanquished Creatures
  2 dart slugs (D:1)
  5 ball pythons
  2 endoplasms (D:1)
  A giant cockroach (D:1)
  5 goblins (D:1)
  A hobgoblin (D:1)
  3 jackals (D:1)
  4 kobolds (D:1)
  A quokka (D:1)
  6 bats
  3 frilled lizards
  2 rats (D:1)
35 creatures vanquished.

Notes
Turn   | Place    | Note
-------+----------+-------------------------------------------
     0 | D:1      | voltaire321 the Demonspawn Gladiator began the quest for
                  | the Orb.
     0 | D:1      | Reached XP level 1. HP: 16/16 MP: 1/1
   151 | D:1      | Gained mutation: A meltable shield of frost defends you.
                  | (SH +0) [demonic ancestry]
   151 | D:1      | Reached XP level 2. HP: 22/22 MP: 2/2
   367 | D:1      | Found a faded altar of an unknown god.
   852 | D:1      | Reached XP level 3. HP: 27/28 MP: 3/3
   970 | D:1      | Reached skill level 1 in Armour
  1153 | D:2      | Noticed Sigmund
  1170 | D:2      | Slain by Sigmund

Illustrated notes

Levels and vault maps discovered:
D:1:      matt_arrival_diagonals, layout_basic, ebering_ecumenical_altar_rust
D:2:      layout_loops_cross, basic_altar, uniq_terence, uniq_sigmund

Skill      XL: |  1  2  3 |
---------------+----------+-----
Throwing       | 2 |  2.2
Axes           | 3 |  3.0
Armour         | 1 |  1.1
Dodging        | 3 |  3.0
Fighting       | |  2.4

Action                   || total
-------------------------++-------
Melee: War axe           ||   107
Throw: Throwing net      ||     1
Armor: Ring mail         ||    67
Dodge: Dodged            ||    63
Block: Other             ||    12

Table legend: (Time is in decaauts)
 A = Elapsed time spent in this place.
 B = Non-inter-level travel time spent in this place.
 C = Inter-level travel time spent in this place.
 D = Time resting spent in this place.
 E = Time spent auto-exploring this place.
 F = Levels seen in this place.
 G = Mean time per level.
                   A        B        C        D        E       F      G
               +--------+--------+--------+--------+--------+-----+--------+
         Total |   1207 |   1207 |      0 |    232 |    634 |   2 |  603.5 |
       Dungeon |   1207 |   1207 |      0 |    232 |    634 |   2 |  603.5 |
               +--------+--------+--------+--------+--------+-----+--------+

Top non-repeatable levels by time:
     D:1: 1102 daAuts
     D:2: 104 daAuts
